 Dungeon Crawl Stone Soup version 0.29.1-2-gbd0b4ee654 (webtiles) character file.

Game seed: 977466979231401490

23693 mortz the Fighter (level 13, -4/86 HPs)
             Began as a Gargoyle Monk on Nov 1, 2022.
             Was the Champion of Okawaru.
             Slain by a bog body (21 damage)
             ... on level 3 of the Lair of Beasts on Nov 2, 2022.
             The game lasted 01:24:53 (12987 turns).

mortz the Fighter (Gargoyle Monk)                  Turns: 12987, Time: 01:24:54

Health: -4/86      AC: 36    Str: 15    XL:     13   Next: 8%
Magic:  20/20      EV:  7    Int: 12    God:    Okawaru [******]
Gold:   1186       SH: 11    Dex: 14    Spells: 12/12 levels left

rFire   . . .      SeeInvis +   a - +7 sceptre of Torment {pain, torment}
rCold   . . .      Faith    .   y - +0 kite shield
rNeg    + + .      Spirit   .   N - +4 chain mail
rPois   ∞          Reflect  .   e - +0 helmet
rElec   +          Harm     .   u - +0 cloak
rCorr   +          Rampage  .   j - +4 pair of gloves "Pateska" {Regen+ rCorr Dex-2}
Will    .....                   D - +2 pair of boots
Stlth   ..........              (no amulet)
HPRegen 1.04/turn               I - ring of see invisible
MPRegen 0.17/turn               Q - ring of positive energy

@: slowed, studying Fighting, very slow
A: sickness immunity, AC +9, negative energy resistance 1, electricity
resistance, torment resistance 1, petrification resistance
a: Renounce Religion, Heroism, Finesse, Duel


You were on level 3 of the Lair of Beasts.
You worshipped Okawaru.
Okawaru was exalted by your worship.
You visited 3 branches of the dungeon, and saw 14 of its levels.

You collected 1837 gold pieces.
You spent 651 gold pieces at shops.

Inventory:

Hand Weapons
 a - the +7 sceptre of Torment (weapon) {pain, torment}
   (You found it on level 10 of the Dungeon)

   In the hands of one skilled in necromantic magic, it inflicts extra damage on
   living creatures.
   It occasionally torments all nearby living foes when it strikes in combat.
 b - a +3 falchion of flaming
 k - a +3 halberd
 l - a +5 mace
 n - a +2 hand axe of freezing
 p - a +4 short sword
 z - a +2 trident of venom
 K - a +6 spear of freezing
 M - a +2 falchion of freezing
 P - a +2 great sword of flaming
 V - a +3 demon trident
Missiles
 f - 3 atropa-tipped darts
 o - 6 poisoned darts (quivered)
 s - 2 boomerangs
 B - 2 throwing nets
 G - 9 javelins
 L - 3 silver boomerangs
 O - a curare-tipped dart
 S - 2 silver javelins
Armour
 e - a +0 helmet (worn)
 j - the +4 pair of gloves "Pateska" (worn) {Regen+ rCorr Dex-2}
   (You acquired it on level 1 of the Dungeon)

   Dex:       It affects your dexterity (-2).
   Regen:     It increases your rate of health regeneration.
   rCorr:     It protects you from acid and corrosion.
 u - a +0 cloak (worn)
 y - a +0 kite shield (worn)
 D - a +2 pair of boots (worn)
 N - a +4 chain mail (worn)
Jewellery
 E - a ring of wizardry
 I - a ring of see invisible (left hand)
 Q - a ring of positive energy (right hand)
Wands
 r - a wand of flame (3)
 v - a wand of polymorph (12)
 x - a wand of mindburst (7)
 T - a wand of iceblast (14)
Scrolls
 i - 5 scrolls of teleportation
 q - 2 scrolls of poison
 t - 2 scrolls of identify
 w - a scroll of enchant armour
 F - a scroll of fog
 J - a scroll of immolation
 R - a scroll of fear
 U - a scroll of blinking
Potions
 c - a potion of ambrosia
 d - 4 potions of lignification
 g - 3 potions of resistance
 h - 2 potions of haste
 m - 2 potions of invisibility
 A - a potion of cancellation
 C - 3 potions of curing
 H - 5 potions of heal wounds


   Skills:
 + Level 12.1 Fighting
 + Level 9.6 Long Blades
 + Level 9.4 Maces & Flails
 + Level 1.4 Throwing
 + Level 8.3 Armour
 + Level 4.2 Dodging
 + Level 3.2 Stealth
 + Level 9.2 Shields
 * Level 9.5 Invocations


You had 12 spell levels left.
You didn't know any spells.
Your spell library contained the following spells:

 Spells                   Type           Power      Damage    Failure   Level
 Apportation              Tloc           0%         N/A       100%        1
 Beastly Appendage        Tmut           0%         N/A       100%        1
 Necrotise                Necr           0%         1d4       100%        1
 Blink                    Tloc           0%         N/A       100%        2
 Poisonous Vapours        Pois/Air       0%         N/A       100%        2
 Wereblood                Tmut           0%         N/A       100%        2
 Portal Projectile        Hex/Tloc       0%         N/A       100%        3
 Spider Form              Tmut/Pois      0%         N/A       100%        3
 Stone Arrow              Conj/Erth      0%         3d7       100%        3
 Corpse Rot               Necr/Pois/Air  0%         N/A       100%        4
 Petrify                  Tmut/Erth      0%         N/A       100%        4
 Blade Hands              Tmut           0%         N/A       100%        5
 Irradiate                Conj/Tmut      0%         3d11      100%        5
 Manifold Assault         Tloc           0%         N/A       100%        5
 Storm Form               Tmut/Air       0%         N/A       100%        7
 Lehudib's Crystal Spear  Conj/Erth      0%         10d2      100%        8
 Summon Small Mammal      Summ           Unusable   N/A       N/A         1
 Sublimation of Blood     Necr           Unusable   N/A       N/A         2
 Call Canine Familiar     Summ           Unusable   N/A       N/A         3
 Summon Guardian Golem    Hex/Summ       Unusable   N/A       N/A         3
 Tukima's Dance           Hex            Unusable   N/A       N/A         3
 Animate Armour           Summ/Erth      Unusable   N/A       N/A         4

Dungeon Overview and Level Annotations

Branches:
Dungeon (10/15) Zot: 25850  Temple (1/1) D:6 Zot: 5819    Lair (3/5) D:10 Zot: 15577
  Swamp (0/4) Lair:3        Snake (0/4) Lair:2
    Orc: D:9-12

Altars:
Ashenzari
Cheibriados
Dithmenos
Elyvilon
Fedhas
Gozag
Hepliaklqana
Kikubaaqudgha
Makhleb
Nemelex Xobeh
Okawaru
Qazlal
Ru
Sif Muna
Trog
Uskayaw
Vehumet
Wu Jian
Xom
Yredelemnul
Zin
The Shining One

Shops:
D:7 [   D:10 **

Annotations:
D:8 2 transporters, Oddbjorg's ghost, novice NaBr


Innate Abilities, Weirdness & Mutations

You are immune to sickness and miasma.
Your stone body is resilient. (AC +9)
You are immune to poison.
You resist negative energy. (rN+)
You are resistant to electric shocks. (rElec)
You are resistant to unholy torment.
You are immune to petrification.


Message History

A bog body comes into view.
The bog body gestures at you while chanting.
You feel yourself slow down.
You puncture the bog body! The bog body casts a spell at you.
You puncture the bog body! You puncture the bog body!
The bog body is severely damaged.
You hit the bog body.
The bog body is severely damaged.
The bog body casts a spell at you. You resist with significant effort.
The bog body barely misses you.
You impale the bog body!!
You destroy the bog body!
Okawaru is honoured by your kill.
Okay, then.
You're wearing all the rings you can.
Remove which one? (? for menu, Esc to cancel) < or
I - a ring of see invisible; > or
E - a ring of wizardry You remove your ring of wizardry.
Q - a ring of positive energy (right hand)
Found a staircase to the Swamp.
A bog body comes into view.
The bog body moves out of view.
The bog body casts a spell at you. The bolt of cold hits you!
You puncture the bog body!
The bog body points at you and mumbles some strange words.
You feel as though you will be slow longer.
The bog body touches you. The bog body freezes you!!
You barely miss the bog body. The bog body touches you!
The bog body freezes you!!
* * * LOW HITPOINT WARNING * * *
The bog body points at you and mumbles some strange words.
The bolt of cold hits you!!
* * * LOW HITPOINT WARNING * * *
You feel much better. The bog body touches you.
* * * LOW HITPOINT WARNING * * *
The bog body freezes you!!
You die...

### ##### #### ###
...P###.#.#######.P####.#
.......................##
..#.#P†.###.##.....P#.##
#....#####...######
##...####P....#
#.#P..#.##......###
........@........#.####
........n.............#
....§§§♣..............#
#...§§§♣~...#.....#.###
...§~§§§~...##....###
...§§♣§§~...#..<..# ....
~.....#....# ..#
......#.....#
....#......#


You could see a bog body.

Vanquished Creatures
  A boulder beetle (Lair:1)
  A catoblepas (Lair:1)
  A two-headed ogre (D:10)
  3 death yaks (Lair:2)
  Urug (Lair:2)
  A bog body (Lair:3)
  A lindwurm (Lair:2)
  2 black mambas (Lair:2)
  2 cane toads
  A rime drake (Lair:2)
  2 unseen horror zombies (D:9)
  7 komodo dragons
  3 polar bears
  Sigmund (D:4)
  A vampire (D:10)
  A wyvern (D:9)
  36 yaks
  Eustachio (D:6)
  2 basilisks
  A steam dragon (D:7)
  An acid dragon (D:8)
  18 water moccasins
  A meliai simulacrum (D:10)
  A sky beast (D:6)
  An orc warrior (D:9)
  3 centaurs
  2 ogres
  13 wolves
  A kobold brigand (D:10)
  5 bullfrogs
  6 necrophages
  2 wyvern zombies (D:9)
  5 gnoll sergeants
  20 wights
  24 killer bees
  4 howler monkeys (D:8)
  A crimson imp (D:9)
  3 centaur zombies (D:9)
  5 hounds
  2 jellies
  A gnoll bouda (Lair:2)
  An orc priest (Temple)
  7 orc wizards
  2 howler monkey zombies (D:9)
  22 gnolls
  19 adders
  3 white imps
  An ufetubus (D:10)
  4 worms
  4 dart slugs
  25 orcs
  6 ball pythons
  8 endoplasms
  3 giant cockroaches
  9 goblins
  5 hobgoblins
  10 jackals
  10 kobolds
  4 quokkas
  7 bats
  A frilled lizard (D:1)
  8 rats
347 creatures vanquished.

Vanquished Creatures (others)
  11 fungi
  89 plants
100 creatures vanquished.

Grand Total: 447 creatures vanquished

Notes
Turn   | Place    | Note
-------+----------+-------------------------------------------
     0 | D:1      | mortz the Gargoyle Monk began the quest for the Orb.
     0 | D:1      | Reached XP level 1. HP: 14/14 MP: 1/1
   294 | D:1      | Reached XP level 2. HP: 13/19 MP: 2/2
   944 | D:1      | Reached XP level 3. HP: 23/23 MP: 3/3
  1231 | D:1      | Identified 3 scrolls of acquirement
  1231 | D:1      | Acquired a manual of Fighting
  1233 | D:1      | Acquired the +4 pair of gloves "Pateska" {Regen+ rCorr
                  | Dex-2}
  1240 | D:1      | Acquired 1068 gold pieces
  1321 | D:2      | Found a faded altar of an unknown god.
  1386 | D:2      | Reached skill level 4 in Fighting
  1410 | D:2      | Reached skill level 1 in Armour
  1410 | D:2      | Reached XP level 4. HP: 27/29 MP: 4/4
  1876 | D:2      | Reached XP level 5. HP: 34/34 MP: 5/5
  2354 | D:3      | Found a blossoming altar of Fedhas.
  2547 | D:3      | Found a white marble altar of Elyvilon.
  2850 | D:3      | Found an ornate altar of the Wu Jian Council.
  3014 | D:3      | Found a hazy altar of Hepliaklqana.
  3134 | D:3      | Found a glowing silver altar of Zin.
  3181 | D:3      | Found a radiant altar of Vehumet.
  3182 | D:3      | Found a sparkling altar of Nemelex Xobeh.
  3457 | D:4      | Noticed Sigmund
  3500 | D:4      | Killed Sigmund
  3501 | D:4      | Reached skill level 5 in Fighting
  3501 | D:4      | Reached XP level 6. HP: 23/40 MP: 6/6
  3663 | D:4      | Reached skill level 5 in Long Blades
  3690 | D:4      | Reached XP level 7. HP: 34/44 MP: 7/7
  4199 | D:5      | Entered Level 5 of the Dungeon
  4535 | D:5      | Reached skill level 1 in Shields
  4535 | D:5      | Reached XP level 8. HP: 46/51 MP: 8/8
  4723 | D:5      | Reached skill level 6 in Fighting
  5024 | D:6      | Found a staircase to the Ecumenical Temple.
  5033 | Temple   | Entered the Ecumenical Temple
  5054 | Temple   | Became a worshipper of Warmaster Okawaru
  5054 | Temple   | Reached * piety under Okawaru
  5054 | Temple   | Reached ** piety under Okawaru
  5144 | D:6      | Reached skill level 1 in Invocations
  5152 | D:6      | Noticed Eustachio
  5424 | D:6      | Reached skill level 7 in Fighting
  5441 | D:6      | Found a burning altar of Makhleb.
  5681 | D:6      | Found a shadowy altar of Dithmenos.
  5791 | D:6      | Reached XP level 9. HP: 54/57 MP: 10/10
  5990 | D:6      | Killed Eustachio
  5990 | D:6      | Reached *** piety under Okawaru
  6058 | D:6      | Found an ancient bone altar of Kikubaaqudgha.
  6669 | D:7      | Reached skill level 8 in Fighting
  6741 | D:7      | Reached skill level 5 in Armour
  6856 | D:7      | Found a sacrificial altar of Ru.
  6928 | D:7      | Found Nocuuxz Luapt's Antique Armour Boutique.
  6936 | D:7      | Bought a pair of glowing boots for 180 gold pieces
  6973 | D:7      | Reached **** piety under Okawaru
  7183 | D:7      | Reached skill level 5 in Invocations
  7259 | D:7      | Reached skill level 5 in Shields
  7259 | D:7      | Reached XP level 10. HP: 16/65 MP: 13/13
  7323 | D:7      | Found a glowing golden altar of the Shining One.
  7616 | D:8      | Noticed Oddbjorg's ghost (novice NaBr)
  7616 | D:8      | Found a transporter.
  7657 | D:8      | Found an opulent altar of Gozag.
  8013 | D:8      | Reached skill level 9 in Fighting
  8216 | D:8      | Found a transporter.
  8345 | D:9      | Reached ***** piety under Okawaru
  8811 | D:9      | Found a basalt altar of Yredelemnul.
  8863 | D:9      | Received a gift from Okawaru
  8864 | D:9      | Reached skill level 10 in Fighting
  8932 | D:9      | Reached XP level 11. HP: 64/72 MP: 14/16
  9176 | D:9      | Found a hide-covered altar of Uskayaw.
  9568 | D:10     | Entered Level 10 of the Dungeon
  9766 | D:10     | Found the +7 sceptre of Torment {pain, torment}
  9767 | D:10     | Noticed a two-headed ogre
  9914 | D:10     | Killed a two-headed ogre
  9915 | D:10     | Reached skill level 1 in Throwing
 10214 | D:10     | Found Tom Zeti's General Store.
 10217 | D:10     | Found Duzuask's Specific Store.
 10242 | D:10     | Bought a potion of curing for 42 gold pieces
 10242 | D:10     | Bought a scroll of teleportation for 42 gold pieces
 10242 | D:10     | Bought 3 poisoned darts for 16 gold pieces
 10250 | D:10     | Bought a +4 chain mail for 371 gold pieces
 10334 | D:10     | Received a gift from Okawaru
 10335 | D:10     | Reached skill level 1 in Maces & Flails
 10450 | D:10     | Noticed a moth of wrath
 10453 | D:10     | Found a bloodstained altar of Trog.
 10621 | D:10     | Found a staircase to the Lair.
 10665 | Lair:1   | Entered Level 1 of the Lair of Beasts
 10880 | Lair:1   | Noticed a boulder beetle
 10907 | Lair:1   | Killed a boulder beetle
 10979 | Lair:1   | Noticed a catoblepas
 11000 | Lair:1   | Killed a catoblepas
 11061 | Lair:1   | Received a gift from Okawaru
 11118 | Lair:1   | Reached skill level 11 in Fighting
 11118 | Lair:1   | Reached XP level 12. HP: 80/80 MP: 18/18
 11123 | Lair:1   | Reached skill level 5 in Maces & Flails
 11647 | Lair:1   | Reached ****** piety under Okawaru
 11886 | Lair:2   | Received a gift from Okawaru
 12067 | Lair:2   | Found a staircase to the Snake Pit.
 12087 | Lair:2   | Identified the +1 ring mail "Jaulloqi" {rCorr Int+5}
                  | (Okawaru gifted it to you on level 2 of the Lair of Beasts)
 12087 | Lair:2   | Received a gift from Okawaru
 12106 | Lair:2   | Noticed a death yak
 12114 | Lair:2   | Killed a death yak
 12128 | Lair:2   | Noticed a death yak
 12129 | Lair:2   | Noticed a death yak
 12135 | Lair:2   | Killed a death yak
 12135 | Lair:2   | Noticed Urug
 12140 | Lair:2   | Killed Urug
 12144 | Lair:2   | Killed a death yak
 12145 | Lair:2   | Reached skill level 12 in Fighting
 12300 | Lair:2   | Reached XP level 13. HP: 86/86 MP: 20/20
 12980 | Lair:3   | Found a staircase to the Swamp.
 12986 | Lair:3   | HP: 2/86 [bog body/bolt of cold (21)]
 12987 | Lair:3   | Slain by a bog body

Illustrated notes

Levels and vault maps discovered:
D:1:      giann_bridges, layout_rooms
D:2:      layout_loops_ring, ebering_ecumenical_altar_hall
D:3:      layout_loops_corners, lemuel_doored_altar, elyvilon_altar_1,
          nicolae_wu_jian_immortal_techniques, zin_statuary,
          mainiacjoe_overflow_divided_tiny, mainiacjoe_overflow_alcove_4
D:4:      layout_loops_ring, grunt_ministairs_12, minmay_fractal_squares_5,
          uniq_sigmund
D:5:      layout_rooms, hangedman_decor_lopped
D:6:      layout_basic, mainiacjoe_overflow_boulevard,
          mainiacjoe_overflow_chevrons, lightli_temple_of_fire,
          minmay_temple_entry_junction, serial_rivers,
          chequers_serial_rivers_marsh, chequers_serial_rivers_room_b,
          chequers_serial_rivers_micro_d, chequers_serial_rivers_small_3,
          chequers_serial_rivers_micro_e, uniq_eustachio
D:7:      layout_layer_cave, mainiacjoe_overflow_surrounded_room,
          nicolae_ru_sacrificial_ziggurat, serial_shops, nicolae_shop_trees
D:8:      layout_rooms, grunt_gozag_breadcrumbs, gammafunk_ghost_stat_death,
          kennysheep_small_square
D:9:      layout_cave_pods, nicolae_yredelemnul_corpse_copse,
          nicolae_overflow_hidden_temple, st_stairs_2, minmay_fire_ice_demons
D:10:     layout_cave_pools, tgw_trog, david_lair_shrubbed, serial_ice,
          serial_ice_h, serial_ice_d, serial_ice_m, serial_ice_a, st_stairs_2,
          nicolae_specific_store
Temple:   nicolae_temple_ecumenical_triangle
Lair:1:   layout_cave_pods, grunt_megastairs_2
Lair:2:   minmay_lair_venomous_thicket, layout_loops_ring,
          minmay_snake_entry_six_corridors, grunt_forest_stairs_basic,
          chequers_serial_rivers_large_b, dreamdust_gnoll_shepherd, uniq_urug
Lair:3:   layout_small_grid, skrybe_swamp_entry_bodies, serial_bayou_shore_b,
          uniq_sonja

Skill      XL: |  1  2  3  4  5  6  7  8  9 10 11 12 13 |
---------------+----------------------------------------+-----
Long Blades    | 3 4 5 6 7 8 9 |  9.6
Fighting       | 4 5 7 8 10 11 12 | 12.1
Armour         | 1 2 3 5 6 7 8 |  8.3
Dodging        | 3 4 |  4.2
Stealth        | 3 |  3.2
Shields        | 1 3 5 6 8 9 |  9.2
Invocations    | 2 5 6 8 9 |  9.5
Throwing       | 1 |  1.4
Maces & Flails | 4 9 |  9.4

Action                   |  1- 3 |  4- 6 |  7- 9 | 10-12 | 13-15 || total
-------------------------+-------+-------+-------+-------+-------++-------
Melee: Falchion          |   110 |   247 |   255 |   599 |       ||  1211
       Punch             |     1 |       |       |       |       ||     1
       Long sword        |       |       |   384 |       |       ||   384
       Eveningstar       |       |       |       |   348 |    30 ||   378
Throw: Dart              |       |     4 |    12 |    11 |       ||    27
Invok: Heroism           |       |       |       |     2 |       ||     2
       Finesse           |       |       |       |     1 |       ||     1
  Use: Scroll            |    10 |     5 |     6 |     4 |     1 ||    26
       Potion            |       |     1 |     1 |       |     1 ||     3
 Stab: Sleeping          |       |     3 |       |       |       ||     3
       Invisible         |       |       |     3 |       |       ||     3
Armor: Ring mail         |    45 |   140 |    58 |       |       ||   243
       Plate armour      |       |       |   489 |   582 |       ||  1071
       Chain mail        |       |       |       |   254 |    14 ||   268
Dodge: Dodged            |    79 |   144 |   136 |   194 |    11 ||   564
Block: Buckler           |       |     8 |    30 |       |       ||    38
       Kite shield       |       |       |   251 |   587 |     7 ||   845
